 Dungeon Crawl Stone Soup version 0.17-a0-744-gaa96792 (webtiles) character file.

175 Trafet the Chopper (level 5, -6/48 HPs)
             Began as a Troll Gladiator on Apr 21, 2015.
             Killed from afar by an orc wizard (12 damage)
             ... with a puff of flame
             ... on level 3 of the Dungeon.
             The game lasted 00:06:24 (1871 turns).

Trafet the Chopper (Troll Gladiator)                Turns: 1871, Time: 00:06:25

Health: -6/48      AC:  5    Str: 23    XL:     5   Next: 29%
Magic:  4/4        EV: 10    Int:  5    God:
Gold:   197        SH:  0    Dex: 10    Spells: 0 memorised, 4 levels left

rFire  . . .     SeeInvis .     a - +0 war axe
rCold  . . .     Clarity  .     b - +0 robe
rNeg   . . .     SustAb   .     (no shield)
rPois  .         Gourm    +     c - +0 hat
rElec  .         Spirit   .     (no cloak)
rCorr  .         Warding  .     (gloves unavailable)
rMut   .         Stasis   .     (boots unavailable)
MR     .....                    (no amulet)
Stlth  +.........               (no ring)
                                (no ring)

@: not resistant to hostile enchantments, very unstealthy
A: unfitting armour, claws 3, fast metabolism 3, gourmand, regeneration 2,
shaggy fur 1, tough skin 2
a: no special abilities


You were on level 3 of the Dungeon.
You were very full.

You visited 1 branch of the dungeon, and saw 3 of its levels.

You collected 197 gold pieces.

Inventory:

Hand weapons
 a - a +0 war axe (weapon)
Missiles
 d - 3 throwing nets
 h - 8 tomahawks (quivered)
Armour
 b - a +0 robe (worn)
 c - a +0 hat (worn)
Magical devices
 s - a wand of disintegration (7)
 v - a wand of frost (31)
Scrolls
 m - 3 scrolls of identify
 o - a scroll of teleportation {unknown}
 t - a scroll of enchant armour {unknown}
 u - 2 scrolls of random uselessness {unknown}
Potions
 f - a potion of flight
 i - a potion of degeneration {unknown}
 j - a potion of might {unknown}
 k - a potion of brilliance {unknown}
 l - a potion of restore abilities
 n - 3 potions of curing
 p - a potion of poison {unknown}
 q - a potion of lignification
Comestibles
 e - 2 bread rations
 g - a beef jerky
 r - a chunk of flesh


   Skills:
 - Level 1.5 Fighting
 + Level 5.0 Axes
 - Level 1.7 Throwing
 - Level 2.4 Dodging


You had 4 spell levels left.
You didn't know any spells.

Dungeon Overview and Level Annotations

Branches:
Dungeon (3/15)

Altars:


Innate Abilities, Weirdness & Mutations

You are too large for most types of armour.
You have claws for hands.
Your metabolism is lightning-fast.
You like to eat raw meat.
You heal very quickly.
You are covered in fur (AC +1).
You have very tough skin (AC +2).


Message History

You hit something but do no damage.
The orc priest mumbles some strange prayers to Beogh against you.
Something smites you!
You hear some strange, mumbled words.
A magic dart appears from out of thin air!
The magic dart hits you!
* * * LOW HITPOINT WARNING * * *
You closely miss something.
You hear some strange, mumbled words.
Items here: ( ) [ † a tomahawk; a falchion; a ring mail; an orc corpse You hear some strange, mumbled words.
A puff of flame appears from out of thin air!
The puff of flame hits you!
* * * LOW HITPOINT WARNING * * *
You see here a tomahawk.
You hear some strange, mumbled words.
A puff of flame appears from out of thin air!
The puff of flame hits you!
You die...

#.#.....## #..####..# #..
#†.# ##.. #(.# #...####..#
#....##...#########
#.##.#..#.......>..
.######!#....###..........
#.........@....#....######
$######{#...#...##.#######
#(##................
#o################## #.# #
#o# ######## #o# #.......
#.# #.####.# #o# #.......


There were no monsters in sight!

Vanquished Creatures
  An orc wizard (D:3)
  Natasha (twice) (D:2)
  3 adders (D:2)
  A white imp (D:2)
  2 worms (D:2)
  4 giant geckos (D:1)
  4 orcs (D:3)
  A giant cockroach (D:2)
  10 goblins
  7 hobgoblins
  9 jackals
  2 ball pythons (D:1)
  9 bats
  3 giant newts
  8 kobolds
  8 rats
74 creatures vanquished.

Notes
Turn   | Place    | Note
--------------------------------------------------------------
     0 | D:1      | Trafet, the Troll Gladiator, began the quest for the Orb.
     0 | D:1      | Reached XP level 1. HP: 19/19 MP: 0/0
   228 | D:1      | Reached XP level 2. HP: 27/27 MP: 1/1
   237 | D:1      | Reached skill level 3 in Axes
   485 | D:1      | Reached XP level 3. HP: 29/33 MP: 2/2
   854 | D:2      | Noticed Natasha
   922 | D:2      | Killed Natasha
   922 | D:2      | Reached skill level 4 in Axes
   988 | D:2      | Reached XP level 4. HP: 38/41 MP: 3/3
  1313 | D:2      | Noticed Natasha
  1322 | D:2      | HP: 2/41 [Natasha (7)]
  1327 | D:2      | HP: 2/41 [Natasha (4)]
  1349 | D:2      | Killed Natasha
  1793 | D:3      | Reached XP level 5. HP: 48/48 MP: 4/4
  1820 | D:3      | Reached skill level 5 in Axes
  1871 | D:3      | Killed from afar by an orc wizard

Action                   |  1- 3 |  4- 6 || total
-------------------------+-------+-------++-------
Melee: War axe           |    93 |   128 ||   221
  Use: Scroll            |       |     5 ||     5
       Potion            |       |     3 ||     3
  Eat: Chunk             |    14 |     7 ||    21
       Bread ration      |       |     1 ||     1
